 Dungeon Crawl Stone Soup version 0.29-a0-103-g37f86683bf (webtiles) character file.

Game seed: 1980847016671442229

543 siradein the Caller (level 7, -6/62 HPs)
             Began as a Naga Summoner on Feb 15, 2022.
             Mangled by an ogre (15 damage)
             ... on level 4 of the Dungeon.
             The game lasted 00:13:08 (5308 turns).

siradein the Caller (Naga Summoner)                 Turns: 5308, Time: 00:13:08

Health: -6/62      AC:  6    Str: 10    XL:     7   Next: 27%
Magic:  4/12       EV: 10    Int: 18    God:
Gold:   213        SH:  0    Dex: 11    Spells: 4/13 levels left

rFire   . . .      SeeInvis +   k - +2 spear (vorpal)
rCold   . . .      Faith    .   (no shield)
rNeg    . . .      Spirit   .   b - +3 leather armour
rPois   +          Reflect  .   (no helmet)
rElec   .          Harm     .   (no cloak)
rCorr   .          Rampage  .   (no gloves)
Will    .....                   (no barding)
Stlth   ++........              (no amulet)
HPRegen 0.20/turn               (no ring)
MPRegen 0.13/turn               (no ring)

@: lethally poisoned (-6 -> -7), very slow
A: AC +2, large, see invisible, deformed body, poison resistance, slowness 2,
spit poison 1, naga tail 1
a: Spit Poison


You were on level 4 of the Dungeon.
You visited 1 branch of the dungeon, and saw 4 of its levels.

You collected 213 gold pieces.

Inventory:

Hand Weapons
 k - a +2 vorpal spear (weapon)
Armour
 b - a +3 leather armour (worn)
Scrolls
 c - a scroll of fog
 d - a scroll of blinking
Potions
 e - a potion of might
 f - a potion of cancellation
 g - a potion of curing
 h - a potion of mutation
 i - a potion of ambrosia {unknown}
 j - a potion of flight {unknown}


   Skills:
 + Level 3.2 Fighting
 + Level 2.1 Polearms
 + Level 3.3 Dodging
 - Level 3.0 Stealth
 + Level 3.6 Spellcasting
 + Level 5.3 Summonings


You had 4 spell levels left.
You knew the following spells:

 Your Spells              Type           Power      Damage    Failure   Level
a - Summon Small Mammal   Summ           88%        N/A       2%          1
b - Call Imp              Summ           22%        N/A       3%          2
c - Call Canine Familiar  Summ           22%        N/A       7%          3
d - Summon Guardian Gole  Hex/Summ       12%        N/A       21%         3

Your spell library contained the following spells:

 Spells                   Type           Power      Damage    Failure   Level
 Beastly Appendage        Tmut           6%         N/A       21%         1
 Magic Dart               Conj           12%        1d3       21%         1
 Sandblast                Erth           6%         2d5       21%         1
 Passwall                 Tmut/Erth      2%         N/A       30%         2
 Searing Ray              Conj           6%         2d4       30%         2
 Wereblood                Tmut           3%         N/A       30%         2
 Portal Projectile        Hex/Tloc       6%         N/A       52%         3
 Spider Form              Tmut/Pois      3%         N/A       52%         3
 Stone Arrow              Conj/Erth      6%         3d7       52%         3
 Summon Lightning Spire   Summ/Air       12%        N/A       56%         4
 Fulminant Prism          Conj/Hex       1%         3d6       90%         4
 Leda's Liquefaction      Hex/Erth       1%         N/A       90%         4


Dungeon Overview and Level Annotations

Branches:
Dungeon (4/15)
 Temple: D:4-7

Altars:
Ashenzari
Wu Jian
Xom

Shops:
D:2 (


Innate Abilities, Weirdness & Mutations

Your serpentine skin is tough. (AC +2)
You have supernaturally acute eyesight. (SInv)
Armour fits poorly on your strangely shaped body.
Your system is resistant to poisons. (rPois)
You cover ground very slowly.
You can spit poison.
You have a snake-like lower body.


Message History

Confirm with . or Enter, or press ? or * to list all spells.
You feel very sick. The scorpion stings you.
You are more poisoned.
The scorpion poisons you!
You feel very sick. The ogre barely misses your hound.
The scorpion stings you but does no damage.
Your hound bites the scorpion but does no damage.
You feel very sick.
Your hound misses the scorpion. The ogre closely misses your hound.
Casting: Call Canine Familiar (dangerous; 7% risk of failure)
Confirm with . or Enter, or press ? or * to list all spells.
A beastly little devil appears in a puff of flame.
You feel sick. The scorpion misses you.
Your hound bites the scorpion.
The scorpion stings you.
You feel very sick.
Your hound closely misses the scorpion.
Your hound bites the scorpion but does no damage.
The ogre hits your hound with a +0 giant spiked club!!
Your hound dies!
Your hound's corpse disappears in a puff of smoke!
You feel sick.
Your crimson imp hits the scorpion.
The scorpion stings you.
* * * LOW HITPOINT WARNING * * *
You hit the scorpion.
The scorpion is almost dead.
You feel sick.
Your crimson imp blinks!
The scorpion stings you but does no damage.
You hit the scorpion.
The scorpion is almost dead.
You feel sick. The scorpion completely misses you.
You feel sick.
The scorpion stings you but does no damage.
Your crimson imp blinks!
You closely miss the scorpion.
The scorpion is almost dead.
You feel sick. The scorpion closely misses you.
The ogre hits you with a +0 giant spiked club!
You die...

############ ## #..........#
###. #.########.##
#########.#.
#.#######.O.#####.........._
#.##......s@§.....#.#######.
#.##.####5..#######.# #.
#####.##.#####.########†# ##
#.......O...............#
#.######.################
#.# # #.# ##### # #.#
#(..######### #.#
#h#..........


You could see an ogre, a scorpion (ally target) and a friendly crimson imp
(summoned).

Vanquished Creatures
  A howler monkey (D:4)
  A hound (D:4)
  3 adders
  A gnoll (D:2)
  A worm (D:2)
  6 bats
  4 endoplasms
  4 giant cockroaches
  7 goblins
  3 hobgoblins
  2 jackals (D:3)
  2 kobolds (D:3)
  4 ball pythons
  A frilled lizard (D:2)
40 creatures vanquished.

Vanquished Creatures (collateral kills)
  2 necrophages
  A howler monkey (D:4)
  2 orc priests (D:4)
  3 gnolls (D:2)
  6 adders
  4 orcs
  A bat (D:3)
  3 endoplasms
  6 goblins
  3 hobgoblins (D:3)
  6 jackals (D:3)
  5 ball pythons
  2 kobolds
  2 rats
46 creatures vanquished.

Grand Total: 86 creatures vanquished

Notes
Turn   | Place    | Note
-------+----------+-------------------------------------------
     0 | D:1      | siradein the Naga Summoner began the quest for the Orb.
     0 | D:1      | Reached XP level 1. HP: 15/15 MP: 3/3
   605 | D:1      | Reached XP level 2. HP: 24/24 MP: 5/5
   898 | D:1      | Learned a level 2 spell: Call Imp
  1353 | D:1      | Reached skill level 1 in Fighting
  1784 | D:2      | Reached XP level 3. HP: 11/31 MP: 3/6
  2098 | D:2      | Found Basas's Weapon Shop.
  2157 | D:2      | Reached XP level 4. HP: 14/38 MP: 4/7
  2161 | D:2      | Learned a level 3 spell: Call Canine Familiar
  2768 | D:2      | Reached XP level 5. HP: 22/45 MP: 2/9
  2975 | D:2      | Found a shimmering altar of Xom.
  3611 | D:3      | Found a broken altar of Ashenzari.
  4266 | D:4      | Noticed an orc warrior
  4288 | D:3      | Learned a level 3 spell: Summon Guardian Golem
  4412 | D:4      | Noticed a necrophage
  4425 | D:3      | Killed a necrophage
  4426 | D:3      | Reached skill level 1 in Polearms
  4426 | D:3      | Reached XP level 6. HP: 27/55 MP: 2/10
  4588 | D:4      | Reached skill level 5 in Summonings
  5065 | D:4      | Noticed a necrophage
  5075 | D:4      | Killed a necrophage
  5076 | D:4      | Reached XP level 7. HP: 61/62 MP: 7/12
  5174 | D:4      | Found an ornate altar of the Wu Jian Council.
  5308 | D:4      | Mangled by an ogre

Illustrated notes

Levels and vault maps discovered:
D:1:      psy_arrival_fountain, layout_loops_ring, minmay_box_of_dots
D:2:      layout_loops_ring, serial_shops, nicolae_diamond_shop, basic_altar
D:3:      layout_rooms, evilmike_ruin_ashenzari
D:4:      minmay_general_purpose_star, layout_loops_ring, lemuel_crystal_altar

Skill      XL: |  1  2  3  4  5  6 |
---------------+-------------------+-----
Fighting       | 1 2 3 |  3.2
Dodging        | 2 3 |  3.3
Spellcasting   | 3 |  3.6
Polearms       | 1 2 |  2.1
Summonings     | 5 |  5.3
Stealth        | |  3.0

Action                   |  1- 3 |  4- 6 |  7- 9 || total
-------------------------+-------+-------+-------++-------
Melee: Dagger            |    54 |    63 |       ||   117
       Unarmed           |     7 |       |       ||     7
       Spear             |       |    31 |    10 ||    41
 Cast: Summon Small Mamm |     7 |       |       ||     7
       Call Imp          |     9 |    17 |     2 ||    28
       Call Canine Famil |       |    14 |     3 ||    17
 Abil: Spit Poison       |    11 |     6 |       ||    17
  Use: Scroll            |       |     6 |       ||     6
 Stab: Sleeping          |     1 |     4 |     1 ||     6
       Distracted        |       |     1 |       ||     1
Armor: Robe              |    11 |    17 |       ||    28
       Leather armour    |       |     3 |     3 ||     6
Dodge: Dodged            |    27 |    49 |     7 ||    83

Table legend: (Time is in decaauts)
 A = Elapsed time spent in this place.
 B = Non-inter-level travel time spent in this place.
 C = Inter-level travel time spent in this place.
 D = Time resting spent in this place.
 E = Time spent auto-exploring this place.
 F = Levels seen in this place.
 G = Mean time per level.
                   A        B        C        D        E       F      G
               +--------+--------+--------+--------+--------+-----+--------+
         Total |   6192 |   6065 |    127 |    262 |   4937 |   4 | 1548.0 |
       Dungeon |   6192 |   6065 |    127 |    262 |   4937 |   4 | 1548.0 |
               +--------+--------+--------+--------+--------+-----+--------+

Top non-repeatable levels by time:
     D:2: 2139 daAuts
     D:1: 1997 daAuts
     D:3: 1106 daAuts
     D:4: 949 daAuts
